 Dungeon Crawl Stone Soup version 0.29.0-11-gd7f09526c8 (webtiles) character file.

Game seed: 16586856945487037093

61960 Spectrina the Caregiver (level 14, 0/72 HPs)
             Began as a Deep Elf Monk on Sept 4, 2022.
             Was a Believer of Elyvilon.
             Slain by an orc warrior
             ... wielding a +0 halberd
              (20 damage)
             ... on level 2 of the Orcish Mines on Sept 5, 2022.
             The game lasted 02:29:38 (13185 turns).

Spectrina the Caregiver (Deep Elf Monk)            Turns: 13185, Time: 02:29:38

Health: 0/72       AC: 11    Str:  8    XL:     14   Next: 62%
Magic:  8/29       EV: 20    Int: 21    God:    Elyvilon [**....]
Gold:   820        SH:  0    Dex: 23    Spells: 2/13 levels left

rFire   . . .      SeeInvis +   b - +9 falchion "Loopy" {freeze, Will+ SInv}
rCold   . . .      Faith    .   (no shield)
rNeg    + . .      Spirit   .   X - +2 robe {rN+}
rPois   .          Reflect  .   x - +0 helmet
rElec   .          Harm     .   h - +0 cloak
rCorr   .          Rampage  .   z - +2 pair of gloves
Will    ++...                   Y - +1 pair of boots
Stlth   +++++.....              V - amulet of regeneration
HPRegen 1.02/turn               d - +6 ring of dexterity
MPRegen 0.21/turn               g - +4 ring of evasion

@: silenced (expiring), on berserk cooldown, slowed, very slow
A: no striking features
a: Renounce Religion


You were on level 2 of the Orcish Mines.
You worshipped Elyvilon.
Elyvilon was pleased with you.
You visited 3 branches of the dungeon, and saw 20 of its levels.
You also visited: Volcano.

You collected 1481 gold pieces.
You spent 661 gold pieces at shops.

Inventory:

Hand Weapons
 a - a +0 dagger of protection
 b - the +9 falchion "Loopy" (weapon) {freeze, Will+ SInv}
   (You found it on level 4 of the Lair of Beasts)

   It freezes those it strikes, dealing additional cold damage.
   It can also slow down cold-blooded creatures.
   SInv:      It lets you see invisible.
   Will:      It increases your willpower.
 e - a +3 quick blade of flaming
 t - a +2 hand crossbow of flaming
Missiles
 H - 2 throwing nets
 N - 4 curare-tipped darts (quivered)
Armour
 h - a +0 cloak (worn)
 x - a +0 helmet (worn)
 y - the +2 scale mail of Autotheism {Stlth+}
   (You found it on level 3 of the Dungeon)

   Stlth:     It makes you more stealthy.
 z - a +2 pair of gloves (worn)
 I - the +1 pair of boots "Avujut" {-Tele +Inv Will+ Int+4}
   (You bought it in a shop on level 8 of the Dungeon)

   Int:       It affects your intelligence (+4).
   +Inv:      It lets you turn invisible.
   -Tele:     It prevents most forms of teleportation.
   Will:      It increases your willpower.
 X - a +2 robe of positive energy (worn)
 Y - a +1 pair of boots (worn)
Jewellery
 d - a +6 ring of dexterity (left hand)
 g - a +4 ring of evasion (right hand)
 E - a ring of flight
 Q - a ring of protection from cold
 S - a ring of wizardry
 U - a ring of positive energy
 V - an amulet of regeneration (around neck)
 Z - a ring of poison resistance
Wands
 f - a wand of roots (4)
 i - a wand of paralysis (3)
 v - a wand of digging (8)
Scrolls
 j - 4 scrolls of fear {unknown}
 k - 4 scrolls of blinking
 n - 5 scrolls of enchant weapon
 r - 3 scrolls of teleportation
 w - a scroll of poison
 A - 2 scrolls of amnesia
 B - 3 scrolls of immolation
 L - a scroll of noise
 M - 4 scrolls of vulnerability
 P - a scroll of silence
 T - a scroll of acquirement
Potions
 c - 3 potions of cancellation
 l - a potion of flight
 m - 9 potions of lignification
 p - 5 potions of curing
 q - 5 potions of mutation
 s - a potion of haste
 C - 3 potions of heal wounds
 D - 3 potions of attraction
 J - a potion of might
 O - 3 potions of magic
 R - 3 potions of brilliance
 W - a potion of resistance
Miscellaneous
 u - a piece from Xom's chessboard (3/15)
 G - a box of beasts (inert)


   Skills:
 - Level 2.4 Fighting
 - Level 4.0 Short Blades
 + Level 5.5 Dodging
 - Level 14.0 Stealth
 * Level 9.7 Hexes
 - Level 1.5 Summonings
 * Level 19.8 Invocations
 + Level 13.5 Evocations


You had 2 spell levels left.
You knew the following spells:

 Your Spells              Type           Power      Damage    Failure   Level
a - Ensorcelled Hibernat  Hex/Ice        40%        N/A       3%          2
f - Tukima's Dance        Hex            40%        N/A       1%          3
p - Summon Small Mammal   Summ           24%        N/A       10%         1
q - Cause Fear            Hex            20%        N/A       3%          4
x - Apportation           Tloc           0%         N/A       19%         1

Your spell library contained the following spells:

 Spells                   Type           Power      Damage    Failure   Level
 Foxfire                  Conj/Fire      0%         2x1d4     19%         1
 Necrotise                Necr           0%         1d4       19%         1
 Sting                    Tmut/Pois      0%         1d3       19%         1
 Summon Guardian Golem    Hex/Summ       23%        N/A       5%          3
 Dazzling Flash           Conj/Hex       40%        N/A       8%          3
 Inner Flame              Hex/Fire       20%        N/A       8%          3
 Portal Projectile        Hex/Tloc       40%        N/A       8%          3
 Anguish                  Hex/Necr       10%        N/A       24%         4
 Fulminant Prism          Conj/Hex       10%        3d9       24%         4
 Conjure Flame            Conj/Fire      0%         6-21      47%         3
 Spider Form              Tmut/Pois      0%         N/A       47%         3
 Flame Wave               Conj/Fire      0%         2d4       87%         4
 Iskenderun's Mystic Bla  Conj/Tloc      0%         2d3       87%         4
 Enfeeble                 Hex            20%        N/A       96%         7
 Blade Hands              Tmut           0%         N/A       99%         5
 Irradiate                Conj/Tmut      0%         3d11      99%         5
 Lee's Rapid Deconstruct  Erth           0%         3d5*      99%         5
 Starburst                Conj/Fire      0%         6d3       100%        6
 Statue Form              Tmut/Erth      0%         N/A       100%        6
 Orb of Destruction       Conj           0%         9d5       100%        7
 Spellforged Servitor     Conj/Summ      1%         N/A       100%        7
 Discord                  Hex            20%        N/A       100%        8
 Ignition                 Fire           0%         3d3       100%        8


Dungeon Overview and Level Annotations

Branches:
Dungeon (13/15)            Temple (0/1) D:7            Lair (5/5) D:9
 Shoals (0/4) Lair:2        Snake (0/4) Lair:3        Slime (0/5) Lair:4
    Orc (2/2) D:12            Elf (0/3) Orc:2       Volcano (visited)
 Vaults: D:13-14

Altars:
Elyvilon
Qazlal
Ru
Vehumet
Xom
Zin
Jiyva

Shops:
D:4 (   D:8 [   D:9 (

Annotations:
D:9 Amaemon
D:11 Fannar
D:12 Azrael


Message History

The orc priest looks braver for a moment.
The orc priest miscasts a cantrip.
The orc warrior hits you from afar with a +0 halberd!!
Unknown command.
Unknown command.
You slash the troll! You freeze the troll!
The troll is heavily wounded.
Unknown command.
You slash the troll! You freeze the troll.
The troll is almost dead.
The troll closely misses you. The troll completely misses you.
The troll claws you. The orc priest hits you with a +0 club.
The orc warrior closely misses you.
Unknown command.
You slash the troll! You freeze the troll.
You kill the troll!
The orc priest barely misses you.
The orc warrior hits you from afar with a +0 halberd!
* * * LOW HITPOINT WARNING * * *
Unknown command.
You hit the orc priest. You freeze the orc priest.
The orc priest is heavily wounded.
The orc priest misses you.
The orc priest calls upon Beogh to heal the orc priest.
The orc priest is healed somewhat.
The orc warrior closely misses you.
You slice the orc priest!! You freeze the orc priest.
You kill the orc priest!
The orc warrior closely misses you.
Items here: ))) [[ ††.
Unknown command.
You feel a strong urge to attack something.
The orc priest casts a cantrip, but nothing happens.
The orc warrior closely misses you.
Unknown command.
Unknown command.
You feel your anger nearly subside.
You are no longer berserk.
You are exhausted.
You feel yourself slow down.
The orc warrior hits you from afar with a +0 halberd!!
You die...

###########
###.##.#.##.##
##oo..o...oo..###
#..oo.#...#...#.##
##o#...#.##o.o...#
##@##........o.o##
#............ooo.#.
##.....O..#....o...
#..............o.#.
##.................
##................
#...............
#..............
...........$..


You could see an orc warrior, an ogre, an orc priest and 2 orcs.

Vanquished Creatures
  A catoblepas (Lair:5)
  Erica (D:9)
  7 two-headed ogres
  A death yak (Lair:5)
  A fire crab (Volcano)
  A deep elf pyromancer (D:12)
  An ugly thing (D:12)
  A lindwurm (Volcano)
  A manticore (Lair:5)
  4 elephants
  A molten gargoyle (Volcano)
  An orange demon (D:9)
  A gargoyle (Volcano)
  3 torpor snails
  9 cane toads
  A rime drake (Lair:4)
  6 komodo dragons
  5 trolls
  2 hornets (Lair:5)
  3 polar bears
  A merfolk (Lair:2)
  Grinder (D:4)
  6 slime creatures (D:12)
  5 dream sheep (Lair:4)
  17 blink frogs
  3 wyverns
  A human (Lair:3)
  7 fire bats
  2 wraiths
  25 yaks
  A basilisk (Lair:2)
  2 steam dragons
  2 vampire mosquitoes (D:11)
  3 nagas (Lair:3)
  A warg (Orc:1)
  9 water moccasins
  An acid dragon (Lair:5)
  A black bear (Lair:3)
  6 orc warriors
  5 ogres
  A wolf (D:9)
  3 centaurs
  2 kobold brigands
  9 bullfrogs
  A necrophage (D:6)
  A scorpion (D:5)
  12 wights
  A killer bee (Lair:5)
  5 howler monkeys
  2 electric eels (D:9)
  3 orc priests
  3 jellies
  8 hounds
  An iguana (D:5)
  10 orc wizards
  7 gnolls
  6 adders
  A shadow imp (D:5)
  4 white imps
  A dart slug (D:5)
  38 orcs
  3 endoplasms
  4 giant cockroaches
  14 goblins
  12 hobgoblins
  4 jackals (D:2)
  A quokka (D:5)
  3 ball pythons
  6 bats
  3 frilled lizards
  15 kobolds
  2 rats
336 creatures vanquished.

Vanquished Creatures (collateral kills)
  An elephant (Lair:4)
  A komodo dragon (Lair:4)
  4 yaks
  An orc warrior (Orc:1)
  4 ogres
  A gnoll (Orc:1)
  An orc (Orc:1)
13 creatures vanquished.

Vanquished Creatures (others)
  2 ogre magi (Orc:2)
  2 two-headed ogres (Orc:2)
  2 deep trolls (Orc:2)
  3 elephants
  A rime drake (Lair:5)
  A komodo dragon (Lair:5)
  A troll (Orc:2)
  A blink frog (Lair:5)
  A shadow (D:11)
  9 yaks
  15 dancing weapons
  A steam dragon (Volcano)
  A vampire mosquito (D:11)
  A sky beast (D:7)
  4 ogres
  A howler monkey (D:7)
  2 hounds (D:9)
  2 orc priests (D:7)
  4 gnolls (D:5)
  3 orcs
  2 goblins
  A hobgoblin (D:3)
  40 fungi
  37 plants
137 creatures vanquished.

Grand Total: 486 creatures vanquished

Notes
Turn   | Place    | Note
-------+----------+-------------------------------------------
     0 | D:1      | Spectrina the Deep Elf Monk began the quest for the Orb.
     0 | D:1      | Reached XP level 1. HP: 13/13 MP: 3/3
   153 | D:1      | Found a faded altar of an unknown god.
   169 | D:1      | Prayed at the altar of an unknown god.
   169 | D:1      | Became a worshipper of Elyvilon the Healer
   169 | D:1      | Reached * piety under Elyvilon
   169 | D:1      | Reached ** piety under Elyvilon
   211 | D:1      | Reached XP level 2. HP: 18/18 MP: 4/4
   293 | D:2      | Reached skill level 1 in Invocations
   411 | D:2      | Reached XP level 3. HP: 20/22 MP: 3/6
   414 | D:2      | Reached skill level 2 in Invocations
   662 | D:2      | Reached *** piety under Elyvilon
   957 | D:3      | Reached skill level 3 in Invocations
   957 | D:3      | Reached XP level 4. HP: 10/27 MP: 3/8
  1117 | D:4      | Reached XP level 5. HP: 28/31 MP: 9/9
  1126 | D:4      | Learned a level 1 spell: Summon Small Mammal
  1128 | D:4      | Learned a level 1 spell: Apportation
  1133 | D:4      | Noticed Grinder
  1222 | D:3      | Reached skill level 4 in Invocations
  1425 | D:3      | Identified the +2 scale mail of Autotheism {Stlth+}
  1800 | D:5      | Entered Level 5 of the Dungeon
  1842 | D:5      | Found a glowing silver altar of Zin.
  1865 | D:5      | Reached skill level 5 in Stealth
  1953 | D:4      | Found Nongauce's Antique Weapon Shoppe.
  1972 | D:4      | Reached **** piety under Elyvilon
  2083 | D:4      | Noticed Robin
  2088 | D:4      | Pacified Robin
  2332 | D:5      | Reached XP level 6. HP: 19/36 MP: 11/11
  2500 | D:5      | Found a white marble altar of Elyvilon.
  2502 | D:5      | Found a stormy altar of Qazlal.
  2514 | D:5      | Noticed a water moccasin
  2517 | D:5      | Killed a water moccasin
  2518 | D:5      | Reached skill level 5 in Invocations
  2519 | D:5      | Noticed a steam dragon
  2586 | D:6      | Noticed an ice beast
  2594 | D:6      | Pacified an ice beast
  2595 | D:6      | Reached skill level 6 in Invocations
  2595 | D:6      | Reached XP level 7. HP: 8/40 MP: 8/13
  2637 | D:6      | Noticed a cyclops
  2664 | D:5      | Found a shimmering altar of Xom.
  2720 | D:5      | Pacified a steam dragon
  3071 | D:6      | Reached skill level 7 in Invocations
  3149 | D:7      | Noticed Menkaure
  3157 | D:7      | Pacified Menkaure
  3158 | D:7      | Reached skill level 1 in Evocations
  3158 | D:7      | Reached XP level 8. HP: 42/45 MP: 7/15
  3300 | D:7      | Reached skill level 8 in Invocations
  3372 | D:7      | Found a staircase to the Ecumenical Temple.
  3926 | D:6      | Learned a level 3 spell: Tukima's Dance
  3977 | D:6      | Pacified a cyclops
  3978 | D:6      | Reached skill level 9 in Invocations
  3978 | D:6      | Reached XP level 9. HP: 31/49 MP: 14/18
  4066 | D:4      | Bought a glimmering rapier for 171 gold pieces
  4066 | D:4      | Identified the +3 rapier "Umiy" {vamp, rN+} (You bought it
                  | in a shop on level 4 of the Dungeon)
  4103 | D:4      | Killed Grinder
  4378 | D:5      | Reached skill level 10 in Invocations
  4693 | D:8      | Reached skill level 5 in Evocations
  4719 | D:9      | Noticed a cyclops
  4736 | D:9      | Pacified a cyclops
  4738 | D:9      | Reached skill level 11 in Invocations
  4741 | D:9      | Reached skill level 10 in Stealth
  4848 | D:9      | Noticed a troll
  4854 | D:9      | Killed a troll
  4855 | D:9      | Reached XP level 10. HP: 27/54 MP: 20/20
  4857 | D:9      | Found a staircase to the Lair.
  4897 | D:9      | Noticed Erica
  4906 | D:10     | Entered Level 10 of the Dungeon
  4929 | D:9      | Killed Erica
  4980 | D:9      | Noticed an orange demon
  5010 | Lair:1   | Entered Level 1 of the Lair of Beasts
  5039 | Lair:1   | Reached skill level 12 in Invocations
  5087 | Lair:2   | Got the Meditations on Blistering Permutations
  5098 | Lair:2   | Noticed a cane toad
  5100 | Lair:2   | Pacified a cane toad
  5114 | Lair:2   | Noticed a cane toad
  5116 | Lair:2   | Pacified a cane toad
  5144 | Lair:1   | Noticed Nergalle
  5148 | Lair:1   | Pacified Nergalle
  5596 | Lair:2   | Reached skill level 13 in Invocations
  5596 | Lair:2   | Noticed a cane toad
  5602 | Lair:2   | Pacified a cane toad
  5613 | Lair:2   | Reached XP level 11. HP: 26/58 MP: 22/22
  5935 | Lair:4   | Noticed a death yak
  5938 | Lair:4   | Pacified a death yak
  5944 | Lair:4   | Reached skill level 14 in Invocations
  5998 | Lair:4   | Identified the +9 falchion "Loopy" {freeze, Will+ SInv}
  6076 | Lair:5   | Entered Level 5 of the Lair of Beasts
  6459 | Lair:5   | Reached skill level 15 in Invocations
  6467 | Lair:5   | Reached XP level 12. HP: 64/64 MP: 14/25
  6547 | Lair:5   | Found a dark tunnel.
  6553 | Volcano  | Entered a volcano
  6641 | Volcano  | Reached skill level 10 in Evocations
  6682 | Volcano  | Found a burning altar of Makhleb.
  6814 | Volcano  | Reached skill level 16 in Invocations
  7331 | Lair:2   | Reached skill level 17 in Invocations
  7535 | Lair:2   | Reached XP level 13. HP: 20/68 MP: 27/27
  7572 | Lair:2   | Found a staircase to the Shoals.
  7663 | Lair:2   | Learned a level 4 spell: Cause Fear
  7780 | Lair:3   | Reached skill level 1 in Hexes
  7872 | Lair:3   | Reached skill level 1 in Summonings
  8035 | Lair:3   | Found a staircase to the Snake Pit.
  8687 | Lair:4   | Found a viscous altar of Jiyva.
  8688 | Lair:4   | Found a staircase to the Slime Pits.
  8975 | Lair:5   | Reached skill level 18 in Invocations
  8994 | Lair:5   | Identified a scroll of acquirement
  9100 | Lair:5   | Reached skill level 5 in Hexes
  9578 | Lair:5   | Paralysed by a hornet for 1 turns
  9722 | Lair:2   | Elyvilon protects you from harm!
  9871 | D:9      | Found a radiant altar of Vehumet.
  9930 | D:9      | Noticed Amaemon
  9975 | D:9      | Identified the +5 ring mail "Riyte" {Harm Drain rPois
                  | Dex-5}
 10184 | D:8      | Paralysed by a hornet for 1 turns
 10261 | D:8      | Found a sacrificial altar of Ru.
 10268 | D:8      | Found Erghoer's Antique Armour Boutique.
 10276 | D:8      | Bought a pair of shimmering boots for 190 gold pieces
 10276 | D:8      | Identified the +1 pair of boots "Avujut" {-Tele +Inv Will+
                  | Int+4} (You bought it in a shop on level 8 of the Dungeon)
 10276 | D:8      | Bought a pair of glowing boots for 150 gold pieces
 10276 | D:8      | Bought a pair of glowing gloves for 150 gold pieces
 10797 | D:9      | Found Baihauqo's Antique Weapon Boutique.
 11184 | D:11     | Noticed Fannar
 11253 | D:10     | Learned a level 2 spell: Ensorcelled Hibernation
 11403 | D:10     | Reached skill level 19 in Invocations
 11482 | D:12     | Reached XP level 14. HP: 72/72 MP: 29/29
 11519 | D:12     | Noticed Azrael
 11776 | D:10     | Noticed Lodul
 11778 | D:10     | Pacified Lodul
 12496 | D:12     | Found a staircase to the Orcish Mines.
 12516 | Orc:1    | Entered Level 1 of the Orcish Mines
 12955 | Orc:2    | Entered Level 2 of the Orcish Mines
 12955 | Orc:2    | Found a staircase to the Elven Halls.
 13104 | Orc:2    | Reached skill level 5 in Dodging
 13143 | Orc:1    | Noticed Erolcha
 13148 | Orc:1    | Pacified Erolcha
 13185 | Orc:2    | Slain by an orc warrior

Illustrated notes

Levels and vault maps discovered:
D:1:      pf_arrival_petrified_forest, layout_loops_ring,
          hellmonk_ecumenical_altar_crossroads, serial_shops,
          nicolae_lakefront_shop, kennysheep_boxes
D:2:      layout_basic
D:3:      layout_loops_ring, kennysheep_small_spiral, chequers_mini_garden
D:4:      layout_basic, serial_shops, shop, uniq_robin, uniq_grinder
D:5:      layout_layer_cave, led_xom_imps, kennysheep_mini_moat,
          chequers_temple_overflow_statue_of_worship
D:6:      layout_basic
D:7:      layout_basic, minmay_temple_entry_glass, hangedman_decor_growths,
          uniq_menkaure
D:8:      layout_gridville, lemuel_round_altar, serial_shops, shop
D:9:      layout_cross, vehumet_crystals, erik_lair_island, serial_shops, shop,
          uniq_amaemon, uniq_erica
D:10:     layout_grid_maze, nicolae_benzene_ring, grunt_decor_arrowhead,
          hex_medium, nrook_loot_triangle, uniq_lodul
D:11:     layout_basic, uniq_fannar
D:12:     layout_roguey, orc_0_dummy, fedhas_altar_1, uniq_azrael
D:13:     layout_basic, erik_vaults_2, serial_shops, kennysheep_little_box,
          kennysheep_donut, minmay_hedge_maze, uniq_snorg
Lair:1:   layout_roguey, uniq_nergalle
Lair:2:   layout_regular_city, elwin_shoals_entry_stream
Lair:3:   layout_regular_city, minmay_snake_entry_guardpost_small
Lair:4:   nzn_winding_woodlands_small [nzn_winding_woodlands_5x15_jagged,
          nzn_winding_woodlands_center_diamonds,
          nzn_winding_woodlands_5x15_pockets], layout_concentric_octagons,
          minmay_slime_entry_oklob_enclosed, beast_lair_carwin_10,
          lemuel_fruit_fields, infiniplex_staircase_pool_2
Lair:5:   evilmike_catoblepas_cave, layout_layer_cave, enter_volcano_1,
          st_stairs_5, dreamdust_wasp_nest, grunt_megastairs_1
Orc:1:    layout_caves, mines2_david, uniq_erolcha
Orc:2:    st_orc_open, layout_caves, serial_shops, shop_fountains

Skill      XL: |  1  2  3  4  5  6  7  8  9 10 11 12 13 14 |
---------------+-------------------------------------------+-----
Stealth        | 3 4 5 6 7 8 10 11 13 14 | 14.0
Invocations    | 1 3 4 6 7 9 11 13 15 17 19 | 19.8
Short Blades   | 4 |  4.0
Evocations     | 1 4 6 7 9 11 12 13 | 13.5
Hexes          | 6 9 |  9.7
Summonings     | 1 |  1.5
Dodging        | 5 |  5.5
Fighting       | |  2.4

Action                   |  1- 3 |  4- 6 |  7- 9 | 10-12 | 13-15 || total
-------------------------+-------+-------+-------+-------+-------++-------
Melee: Short sword       |   113 |     8 |       |       |       ||   121
       Dagger            |    94 |   197 |   235 |   128 |   148 ||   802
       Punch             |     2 |       |     3 |     4 |     7 ||    16
       Long sword        |       |       |    17 |       |       ||    17
       Halberd           |       |       |       |    26 |       ||    26
       Falchion          |       |       |       |    85 |   343 ||   428
       Quick blade       |       |       |       |    29 |    74 ||   103
 Fire: Sling             |       |       |    14 |     1 |       ||    15
       Hand crossbow     |       |       |       |       |    45 ||    45
Throw: Dart              |       |       |       |       |     2 ||     2
 Cast: Summon Small Mamm |       |     5 |       |     1 |       ||     6
       Tukima's Dance    |       |       |       |       |    31 ||    31
       Cause Fear        |       |       |       |       |    11 ||    11
Invok: Heal Other        |     4 |     7 |    18 |    44 |    52 ||   125
       Heal Self         |       |       |       |     1 |     1 ||     2
Evoke: Piece from Xom's  |       |     5 |    23 |    17 |    17 ||    62
       Wand              |       |       |    22 |    34 |    23 ||    79
       Box of beasts     |       |       |       |       |     4 ||     4
  Use: Potion            |     2 |       |       |       |     8 ||    10
       Scroll            |       |       |       |    15 |    20 ||    35
 Stab: Sleeping          |     5 |     8 |    12 |    26 |    33 ||    84
       Distracted        |       |     1 |       |       |     4 ||     5
       Petrifying        |       |       |     2 |     1 |       ||     3
       Petrified         |       |       |     2 |     3 |       ||     5
       Confused          |       |       |     1 |     1 |       ||     2
       Paralysed         |       |       |     1 |     6 |     5 ||    12
       Invisible         |       |       |       |       |     8 ||     8
       Fleeing           |       |       |       |       |     1 ||     1
Armor: Robe              |    20 |       |       |       |    64 ||    84
       Scale mail        |       |    87 |    74 |   107 |   221 ||   489
Dodge: Dodged            |   176 |    83 |   131 |   167 |   542 ||  1099
